 Dungeon Crawl Stone Soup version 0.20-a0-854-g0cc194a (webtiles) character file.

49 Duffy the Shield-Bearer (level 3, 0/26 HPs)
             Began as an Octopode Fighter on Mar 11, 2017.
             Slain by a goblin (2 damage)
             ... led by Robin
             ... on level 2 of the Dungeon.
             The game lasted 00:01:07 (1158 turns).

Duffy the Shield-Bearer (Octopode Fighter)          Turns: 1158, Time: 00:01:08

Health: 0/26       AC:  1    Str: 16    XL:     3   Next: 77%
Magic:  3/3        EV: 11    Int: 10    God:
Gold:   83         SH:  9    Dex: 11    Spells: 2/2 levels left

rFire    . . .     SeeInvis .     - Unarmed
rCold    . . .     Gourm    .   a - +0 shield
rNeg     . . .     Faith    .   (helmet restricted)
rPois    .         Spirit   .   (no amulet)
rElec    .         Reflect  .   (no ring)
rCorr    .         Harm     .   (no ring)
MR       .....                  (no ring)
Stlth    ++........             (no ring)
Regen    0.1/turn               (no ring)
MPRegen  0.1/turn               (no ring)
                                (no ring)
                                (no ring)

@: no status effects
A: almost no armour, stealthy swim, amphibious, 8 rings, constrict 8, camouflage
1, gelatinous body 1
a: no special abilities


You were on level 2 of the Dungeon.
You were not hungry.

You visited 1 branch of the dungeon, and saw 2 of its levels.

You collected 83 gold pieces.

Inventory:

Armour
 a - a +0 shield (worn)
Scrolls
 e - a scroll of enchant weapon {unknown}
 f - a scroll of random uselessness {unknown}
 k - a scroll of recharging {unknown}
Potions
 b - a potion of might
 g - a potion of degeneration {unknown}
 h - a potion of mutation {unknown}
 j - a potion of flight {unknown}
 l - a potion of lignification {unknown}
Comestibles
 c - 2 bread rations
 d - 6 chunks of flesh
 i - a royal jelly


   Skills:
 - Level 3.0 Fighting
 - Level 3.0 Dodging
 + Level 3.9 Shields
 + Level 3.1 Unarmed Combat


You had 2 spell levels left.
You didn't know any spells.

Dungeon Overview and Level Annotations

Branches:
Dungeon (2/15)

Altars:
Gozag


Innate Abilities, Weirdness & Mutations

You cannot wear most types of armour.
You are very stealthy in the water. (Stealth+)
You are amphibious.
You can wear up to eight rings at the same time.
You can use your tentacles to constrict eight enemies at once.
Your skin changes colour to match your surroundings (Stealth+).
Your rubbery body absorbs attacks. (AC +1, EV +1)


Message History

The goblin shouts!
You tentacle-slap Robin but do no damage.
Robin is severely wounded.
You constrict Robin. You block the goblin's attack.
Robin hits you with a dagger.
A goblin comes into view.
You tentacle-slap Robin but do no damage.
You squeeze Robin.
Robin is almost dead.
You constrict Robin. The goblin barely misses you.
Robin flexes a bicep menacingly.
Robin throws the goblin at you!
The goblin shouts!
You tentacle-slap Robin.
You kill Robin!
Your Unarmed Combat skill increases to level 3!
The goblin hits you. The goblin hits you but does no damage.
The goblin closely misses you. The goblin barely misses you.
The goblin hits you.
You die...

. .......# g. .......#
.$## #%.....# ....
#.[....#
....###########......#
....'.......))(......+
....####'######......#
.... #.......##......#
+#####...[...##g@....#
.............##gg....#
.......#+#...gg#######
.......#.#..g.g#
.......'.......#
.......#.#.....#
.......#.#.....#
.......#.#.....#
.......#.####.##


You could see 2 hobgoblins and 5 goblins.

Vanquished Creatures
  Robin (D:2)
  2 dart slugs (D:1)
  A leopard gecko (D:2)
  A ball python (D:1)
  A giant cockroach (D:1)
  7 goblins
  2 hobgoblins (D:1)
  3 jackals (D:1)
  2 kobolds (D:1)
  6 bats
  2 frilled lizards (D:1)
  2 rats (D:1)
30 creatures vanquished.

Notes
Turn   | Place    | Note
-------+----------+-------------------------------------------
     0 | D:1      | Duffy the Octopode Fighter began the quest for the Orb.
     0 | D:1      | Reached XP level 1. HP: 16/16 MP: 1/1
   206 | D:1      | Reached XP level 2. HP: 21/21 MP: 2/2
   757 | D:1      | Reached XP level 3. HP: 24/26 MP: 3/3
   978 | D:2      | Found an opulent altar of Gozag.
  1074 | D:2      | Noticed Robin
  1157 | D:2      | Killed Robin
  1158 | D:2      | Slain by a goblin

Vault maps used:
D:1:      saegor_arrival_simple_c, serial_bayou_ford_a
D:2:      lemuel_round_altar, first_bread, minmay_close_crescents, uniq_robin

Skill      XL: |  1  2  3 |
---------------+----------+-----
Unarmed Combat | 3 |  3.1
Fighting       | |  3.0
Dodging        | |  3.0
Shields        | |  3.9

Action                   || total
-------------------------++-------
Melee: Unarmed           ||    64
       Constrict         ||    21
       Tentacles         ||    13
       Punch             ||     1
 Stab: Sleeping          ||     3
  Eat: Chunk             ||     1
Armor: Skin              ||     7
Dodge: Dodged            ||    25
Block: Shield            ||    26
